 Dungeon Crawl Stone Soup version 0.32-a0-928-g1cae6b7ea0 (webtiles) character file.

Game seed: 10349722601219236337

1172 Autsider the Trooper (level 8, -14/58 HPs)
             Began as an Octopode Brigand on Apr 12, 2024.
             Was a Follower of the Shining One.
             Demolished by an ogre
             ... wielding a +0 giant spiked club
              (24 damage)
             ... on level 6 of the Dungeon.
             The game lasted 00:11:16 (5293 turns).

Autsider the Trooper (Octopode Brigand)             Turns: 5293, Time: 00:11:17

Health: -14/58     AC:  4    Str: 11    XL:     8   Next: 41%
Magic:  10/11      EV: 14    Int: 13    God:    the Shining One [*.....]
Gold:   406        SH:  7    Dex: 18    Spells: 7/7 levels left

rFire   . . .        s - +3 hand axe of Eternity {speed, rElec Will+ Dex+3}
rCold   . . .        r - +2 buckler {AC+3}
rNeg    + . .        (helmet restricted)
rPois   .            (no amulet)
rElec   +            o - ring of positive energy
rCorr   .            (no ring)
SInv    .            (no ring)
Will    +....        (no ring)
Stlth   ++           (no ring)
HPRegen 0.29/turn    (no ring)
MPRegen 0.12/turn    (no ring)
                     (no ring)

%: no passive effects
@: glowing
A: almost no armour, amphibious, 8 rings, camouflage 1, gelatinous body 1,
(nimble swimmer 1), tentacles
a: Renounce Religion, Divine Shield


You were on level 6 of the Dungeon.
You worshipped the Shining One.
The Shining One was aware of your devotion.
You visited 2 branches of the dungeon, and saw 7 of its levels.
You also visited: Ossuary.

You collected 586 gold pieces.
You spent 180 gold pieces at shops.

Inventory:

Hand Weapons
 a - a +2 dagger
 s - the +3 hand axe of Eternity (weapon) {speed, rElec Will+ Dex+3}
   (You found it on level 2 of the Dungeon)

   Dex+3:     It affects your dexterity (+3).
   rElec:     It insulates you from electricity.
   Will+:     It increases your willpower.
 u - a +3 dagger of venom
Missiles
 b - 9 poisoned darts (quivered)
 c - 3 curare-tipped darts
Armour
 r - a +2 buckler of protection (worn)
Jewellery
 o - a ring of positive energy (left tentacle)
Wands
 v - a wand of flame (15)
Scrolls
 d - 2 scrolls of teleportation {@r2}
 e - a scroll of enchant armour
 g - a scroll of fear
 i - a scroll of immolation
 j - a scroll of blinking
 l - a scroll of enchant weapon
 m - 2 scrolls of torment
 t - a scroll of amnesia {unknown}
 w - a scroll of silence {unknown}
 x - a scroll of vulnerability {unknown}
 y - a scroll of identify {@r1}
Potions
 f - 4 potions of brilliance
 h - a potion of curing {@q1}
 k - 3 potions of resistance
 n - a potion of enlightenment {unknown}
 p - a potion of cancellation {unknown}
 q - 2 potions of degeneration {unknown}


   Skills:
 + Level 6.3 Fighting
 - Level 2.0 Short Blades
 - Level 2.0 Throwing
 - Level 5.0 Dodging
 - Level 5.3 Stealth
 - Level 4.0 Shields
 + Level 4.0 Invocations


You had 7 spell levels left.
You didn't know any spells.
Your spell library contained the following spells:

 Spells                   Type           Power      Damage    Failure   Level
 Summon Small Mammal      Summ           0%         N/A       41%         1
 Sublimation of Blood     Necr           0%         N/A       54%         2
 Volatile Blastmotes      Fire/Tloc      0%         2d10      78%         3
 Fulminant Prism          Conj/Alch      0%         3d5       99%         4
 Iskenderun's Mystic Bla Conj/Tloc 0%             2d3        (+2d1     99%         4
 Curse of Agony           Necr           0%         N/A       100%        5
 Chain Lightning          Conj/Air       0%         N/A       100%        9
 Death's Door             Necr           0%         N/A       100%        9
 Animate Armour           Summ/Erth      Unusable   N/A       N/A         4

Dungeon Overview and Level Annotations

Branches:
Dungeon (6/15)             Temple (1/1) D:4         Ossuary (visited)

Altars:
Ashenzari
Cheibriados
Dithmenos
Gozag
Hepliaklqana
Kikubaaqudgha
Okawaru
Ru
Sif Muna
Trog
Uskayaw
Vehumet
Wu Jian
Xom
Yredelemnul
Zin
The Shining One

Shops:
D:2 [

Annotations:
D:3 1 runed translucent door, Crazy Yiuf
D:5 exclusion: downstairs


Innate Abilities, Weirdness & Mutations

You cannot wear most types of armour.
You are amphibious.
You can wear up to eight rings at the same time.
Your skin changes colour to match your surroundings (Stealth+).
Your rubbery body absorbs attacks. (AC +1, EV +1)
((You are camouflaged when in or above water. (Stealth+)))
You have tentacles for arms and can constrict up to eight enemies at once.


Message History

The phantom is almost destroyed.
You hit the ogre. You hit the scorpion.
The scorpion stings you but does no damage.
The ogre closely misses you. The phantom hits you.
You are too injured to fight recklessly!
You are too injured to fight recklessly!
You are too injured to fight recklessly!
You are too injured to fight recklessly!
You are too injured to fight recklessly!
You are too injured to fight recklessly!
You are too injured to fight recklessly!
You are too injured to fight recklessly!
You are too injured to fight recklessly!
You are too injured to fight recklessly!
You are too injured to fight recklessly!
You are too injured to fight recklessly!
You are too injured to fight recklessly!
You are too injured to fight recklessly!
You hit the phantom. You squeeze the phantom.
You destroy the phantom!
The Shining One accepts your kill.
You hit the scorpion. You hit the ogre. The scorpion completely misses you.
Your Invocations skill increases to level 4!
The scorpion stings you.
You are poisoned.
The scorpion poisons you!
The scorpion stings you but does no damage.
The ogre hits you with a +0 giant spiked club!!
Ouch! That really hurt!
* * * LOW HITPOINT WARNING * * *
* * * LOW HITPOINT WARNING * * *
You feel sick.
* * * LOW HITPOINT WARNING * * *
You feel sick.
* * * LOW HITPOINT WARNING * * *
You feel sick.
You feel better. The scorpion barely misses you.
The ogre attacks as it pursues you!
The ogre hits you with a +0 giant spiked club!!
You die...

#.............##.##
#######..#########......#
#............# #..##.##
#.#####..###.#####..##.#
##.#####..###........##.#
#..........########.###.#
#..#####......... ..# #.#
##..##### #### #.# #.@#
#.# #Os# #..# #..#
#..######. #.........
#.........
......#.####### !.......#


You could see an ogre and a scorpion.

Vanquished Creatures
  An orc warrior (D:6)
  An ogre (D:5)
  A phantom (D:6)
  A bullfrog (D:3)
  A scorpion (D:5)
  A howler monkey (D:5)
  A bombardier beetle (D:3)
  3 hounds (D:5)
  4 jellies
  5 orc priests
  2 orc wizards
  9 mummies
  Robin (D:3)
  4 adders
  A white imp (D:5)
  2 ribbon worms (D:2)
  4 dart slugs
  22 orcs
  7 ball pythons
  6 endoplasms
  3 giant cockroaches
  12 goblins
  13 hobgoblins
  4 quokkas
  7 bats
  A frilled lizard (D:2)
  2 gnoll zombies (Ossuary)
  A goblin zombie (D:4)
  4 hobgoblin zombies
  6 kobolds
  A kobold zombie (Ossuary)
  2 orc zombies (Ossuary)
  2 rats
135 creatures vanquished.

Notes
Turn   | Place    | Note
-------+----------+-------------------------------------------
     0 | D:1      | Autsider the Octopode Brigand began the quest for the Orb.
     0 | D:1      | Reached XP level 1. HP: 14/14 MP: 1/1
   237 | D:1      | Reached XP level 2. HP: 20/20 MP: 2/2
   303 | D:1      | Reached skill level 3 in Fighting
   753 | D:2      | Reached XP level 3. HP: 23/26 MP: 3/3
   814 | D:2      | Found Foxuluf's Antique Armour Boutique.
  1049 | D:2      | Identified the +3 hand axe of Eternity {speed, rElec Will+
                  | Dex+3}
  1068 | D:2      | Reached skill level 4 in Fighting
  1163 | D:2      | Reached XP level 4. HP: 30/33 MP: 4/4
  1284 | D:2      | You fall into a shaft and drop 2 floors!
  1301 | D:4      | Found a sand-covered staircase.
  1306 | Ossuary  | Entered an ossuary
  1408 | Ossuary  | Reached skill level 5 in Fighting
  1447 | Ossuary  | Reached XP level 5. HP: 39/39 MP: 5/5
  1866 | D:4      | Got Wuebb's Papyrus of Necrotic Aeromancy
  2330 | D:2      | Bought a runed buckler for 180 gold pieces
  2565 | D:3      | Noticed Robin
  2588 | D:3      | Killed Robin
  2589 | D:3      | Reached XP level 6. HP: 42/45 MP: 6/6
  2663 | D:3      | Reached skill level 1 in Shields
  2752 | D:3      | Got Astrescho's Commentary on Charnel Production
  2839 | D:3      | Found a sacrificial altar of Ru.
  3057 | D:3      | Found a runed translucent door.
  3058 | D:3      | Noticed Crazy Yiuf
  3465 | D:4      | Reached XP level 7. HP: 45/50 MP: 7/7
  3500 | D:4      | Found a staircase to the Ecumenical Temple.
  3511 | Temple   | Entered the Ecumenical Temple
  3524 | Temple   | Became a worshipper of the Shining One
  3971 | D:5      | Entered Level 5 of the Dungeon
  4132 | D:5      | Reached skill level 5 in Dodging
  4346 | D:5      | Reached skill level 1 in Invocations
  4614 | D:5      | Reached XP level 8. HP: 56/56 MP: 9/9
  4686 | D:5      | Found a basalt altar of Yredelemnul.
  4693 | D:5      | Found an iron altar of Okawaru.
  4766 | D:6      | Reached * piety under the Shining One
  4796 | D:6      | Reached skill level 6 in Fighting
  5293 | D:6      | Demolished by an ogre

Illustrated notes

Levels and vault maps discovered:
D:1:      dpeg_arrival_pits, layout_loops_ring, ebering_dispersal_statue_hall,
          skrybe_limestone_x
D:2:      layout_basic, serial_shops, shop, serial_bayou_pond_b
D:3:      layout_basic, mainiacjoe_overflow_alcove_4, minmay_cut_off,
          uniq_crazy_yiuf_cottage, uniq_robin
D:4:      layout_basic, minmay_temple_entry_tees, nicolae_ossuary_entry_giza
D:5:      layout_rooms, amethyst_overflow_temple_binary, saegor_snake_ambush
D:6:      layout_loops_ring
Temple:   nicolae_temple_bog_church

Skill      XL: |  1  2  3  4  5  6  7  8 |
---------------+-------------------------+-----
Fighting       | 3 4 5 6 |  6.3
Dodging        | 3 4 5 |  5.0
Shields        | 2 4 |  4.0
Invocations    | 2 4 |  4.0
Short Blades   | |  2.0
Throwing       | |  2.0
Stealth        | |  5.3

Action                     |  1- 3 |  4- 6 |  7- 9 || total
---------------------------+-------+-------+-------++-------
  Melee: Dagger            |    55 |    60 |       ||   115
         Constrict         |    14 |    46 |    24 ||    84
         Tentacles         |     8 |    34 |    26 ||    68
         Hand axe          |       |    47 |    95 ||   142
  Evoke: Wand              |       |       |     3 ||     3
    Use: Scroll            |     3 |       |     7 ||    10
         Potion            |       |       |     1 ||     1
   Stab: Sleeping          |    12 |     8 |       ||    20
 Armour: Skin              |    23 |    29 |    40 ||    92
  Dodge: Dodged            |    15 |    30 |    43 ||    88
  Block: Buckler           |       |    20 |    30 ||    50

Table legend: (Time is in decaauts)
 A = Elapsed time spent in this place.
 B = Non-inter-level travel time spent in this place.
 C = Inter-level travel time spent in this place.
 D = Time resting spent in this place.
 E = Time spent auto-exploring this place.
 F = Levels seen in this place.
 G = Mean time per level.
                   A        B        C        D        E       F      G
               +--------+--------+--------+--------+--------+-----+--------+
         Total |   5275 |   4871 |    404 |    460 |   3423 |   8 |  659.4 |
       Dungeon |   4761 |   4382 |    379 |    460 |   3150 |   6 |  793.5 |
        Temple |     26 |      1 |     25 |      0 |      0 |   1 |   26.0 |
       Ossuary |    486 |    486 |      0 |      0 |    273 |   1 |  486.0 |
               +--------+--------+--------+--------+--------+-----+--------+

Top non-repeatable levels by time:
     D:2: 1007 daAuts
     D:5: 1005 daAuts
     D:3: 972 daAuts
     D:1: 765 daAuts
     D:4: 699 daAuts
 Ossuary: 486 daAuts
     D:6: 311 daAuts
  Temple: 26 daAuts
